 Dungeon Crawl Stone Soup version 0.31-a0-640-g39d97e502b (webtiles) character file.

Game seed: 6596048210656315392

365 qw the Shooter (level 6, -3/38 HPs)
             Began as a Gargoyle Hunter on Aug 27, 2023.
             Slain by an orc
             ... wielding a +0 flail
              (5 damage)
             ... on level 4 of the Dungeon.
             The game lasted 00:01:09 (2415 turns).

qw the Shooter (Gargoyle Hunter)                    Turns: 2415, Time: 00:01:09

Health: -3/38      AC:  9    Str: 15    XL:     6   Next: 68%
Magic:  6/6        EV: 11    Int:  9    God:
Gold:   223        SH:  0    Dex: 15    Spells: 5/5 levels left

rFire   . . .        Y - +2 shortbow
rCold   + . .        (shield currently unavailable)
rNeg    + . .        b - +0 ring mail
rPois   inf          (no helmet)
rElec   +            (no cloak)
rCorr   .            (no gloves)
SInv    .            (no boots)
Will    .....        (no amulet)
Stlth   +            h - ring of protection from cold
HPRegen 0.26/turn    (no ring)
MPRegen 0.10/turn

%: no passive effects
@: no status effects
A: sickness immunity, AC +4, negative energy resistance 1, electricity
resistance, torment resistance 1, petrification resistance
a: no special abilities


You were on level 4 of the Dungeon.
You visited 1 branch of the dungeon, and saw 4 of its levels.

You collected 223 gold pieces.


Innate Abilities, Weirdness & Mutations

You are immune to sickness and miasma.
Your stone body is resilient. (AC +4)
You are immune to poison.
You resist negative energy. (rN+)
You are resistant to electric shocks. (rElec)
You are resistant to unholy torment.
You are immune to petrification.


   Skills:
 - Level 4.0 Fighting
 + Level 7.0 Ranged Weapons
 - Level 1.2 Armour
 - Level 1.5 Dodging
 - Level 1.1 Stealth


You had 5 spell levels left.
You didn't know any spells.
Your spell library was empty.

Inventory:

Hand Weapons
 Y - a +2 shortbow (weapon)
Armour
 b - a +0 ring mail (worn)
Jewellery
 h - a ring of protection from cold (left hand)
Scrolls
 k - a scroll of revelation {unknown}
Potions
 a - a potion of haste
 c - a potion of lignification {unknown}
 d - a potion of enlightenment
 e - a potion of might {unknown}
 f - a potion of attraction {unknown}
 g - a potion of heal wounds {unknown}
 i - a potion of mutation {unknown}
 j - 2 potions of curing {unknown}

Dungeon Overview and Level Annotations

Branches:
Dungeon (4/15)
 Temple: D:4-7

Altars:

Shops:
D:3 (

Annotations:
D:4 2 runed translucent doors


Message History

The black bear bites you but does no damage.
The black bear claws you but does no damage. x2
You shoot an arrow. The arrow hits the black bear.
The black bear is lightly wounded.
The black bear bites you.
The black bear claws you but does no damage. x2
The orc throws a boomerang.
The boomerang hits you but does no damage.
The black bear bites you but does no damage.
The black bear misses you. The black bear completely misses you.
You shoot an arrow. The arrow hits the black bear!
The black bear is heavily wounded.
The black bear completely misses you.
The black bear claws you but does no damage.
The black bear closely misses you. The orc hits you with a +0 flail!
You shoot an arrow. The arrow hits the black bear!
The black bear is almost dead.
The black bear goes berserk!
The orc barely misses you.
You shoot an arrow. The arrow hits the black bear.
The black bear is almost dead.
The black bear closely misses you. The black bear claws you. x2
The orc barely misses you. The black bear bites you.
The black bear barely misses you.
The black bear claws you but does no damage.
You shoot an arrow. The arrow hits the black bear.
You kill the black bear!
The orc hits you with a +0 flail.
Your Ranged Weapons skill increases to level 7!
You shoot an arrow. The arrow hits the orc.
The orc is heavily wounded.
The orc hits you with a +0 flail!
You shoot an arrow.
The arrow hits the orc but does no damage.
The orc is heavily wounded.
The orc hits you with a +0 flail. The orc hits you but does no damage.
You shoot an arrow.
The arrow hits the orc but does no damage.
The orc is heavily wounded.
The orc hits you with a +0 flail.
You die...

.#.........# '.........#
#.........# . #.........#
.. #.........# ..
#########.........#'##
#.........#'####.....#
#.........#....#.....#
##.........#....@o....#
...........#....#)....#
###........###..#.....#
#....##+####..###.....
#8'8.......#... #.......
####.#.......#...<#........
..+..#..)....#....#...)....
.+..#.#######.!.##.......
###.#)##...##.
#....>.#+####


You could see an orc.

Vanquished Creatures
  A black bear (D:4)
  2 orc priests
  An iguana (D:3)
  7 adders
  3 gnolls (D:4)
  2 worms (D:3)
  2 dart slugs (D:2)
  14 orcs
  2 ball pythons
  3 bats
  3 endoplasms
  A giant cockroach (D:2)
  6 goblins
  4 hobgoblins
  3 jackals (D:1)
  4 kobolds
  6 quokkas
  11 frilled lizards
  8 rats
83 creatures vanquished.

Notes
Turn   | Place    | Note
-------+----------+-------------------------------------------
     0 | D:1      | qw the Gargoyle Hunter began the quest for the Orb.
     0 | D:1      | Reached XP level 1. HP: 12/12 MP: 1/1
     0 | D:1      | 0 ||| qw: Version: 0.3-a-74-g0d5e918
     0 | D:1      | 0 ||| qw: Game counter: 118
     0 | D:1      | 0 ||| qw: Melee chars always use a shield: true
     0 | D:1      | 0 ||| qw: God list: Okawaru
     0 | D:1      | 0 ||| qw: Allow faded altars: false
     0 | D:1      | 0 ||| qw: Do Orc after clearing Dungeon:15 true
     0 | D:1      | 0 ||| qw: Do second Lair branch before Depths: true
     0 | D:1      | 0 ||| qw: Lair rune preference: random
     0 | D:1      | 0 ||| qw: Goals: Normal
     0 | D:1      | 0 ||| PLANNING D:1-11
   197 | D:1      | Reached XP level 2. HP: 8/17 MP: 2/2
   427 | D:1      | 427 ||| READING scroll labelled DATOYLOPT.
   428 | D:1      | 428 ||| READING scroll labelled BADOVVUOTA.
   431 | D:1      | 431 ||| READING scroll labelled GED ZIATSEOWKE.
   432 | D:1      | 432 ||| READING scroll labelled QUSMEP HIOHU.
   433 | D:1      | 433 ||| READING scroll labelled COFFUM IJOGAT.
   434 | D:1      | 434 ||| DROPPING scroll of butterflies.
   446 | D:2      | 446 ||| STAIRDANCE
   452 | D:2      | 452 ||| STAIRDANCE
   495 | D:2      | 495 ||| STAIRDANCE
   671 | D:2      | 671 ||| Stepping ~*~*~tactically~*~*~ (retreating).
   675 | D:2      | 675 ||| Stepping ~*~*~tactically~*~*~ (retreating).
   681 | D:2      | Reached skill level 5 in Ranged Weapons
   681 | D:2      | Reached XP level 3. HP: 17/21 MP: 3/3
   737 | D:2      | Reached skill level 3 in Fighting
   741 | D:2      | Reached XP level 4. HP: 28/28 MP: 4/4
  1195 | D:2      | 1195 ||| UPGRADING to +0 ring mail.
  1205 | D:2      | 1205 ||| DROPPING +0 leather armour.
  1206 | D:2      | 1206 ||| UPGRADING to ring of protection from cold.
  1207 | D:2      | 1207 ||| READING scroll labelled DOACSO PEUFI.
  1208 | D:2      | 1208 ||| DRINKING 2 golden potions.
  1332 | D:3      | HP: 7/28 [iguana (1)]
  1333 | D:3      | 1333 ||| READING scroll of teleportation.
  1427 | D:3      | Reached skill level 1 in Armour
  1443 | D:3      | Found Vititeaxt's Weapon Shoppe.
  1563 | D:3      | 1563 ||| READING scroll of enchant weapon.
  1563 | D:3      | 1563 ||| ENCHANTING +1 shortbow.
  1582 | D:3      | Found a faded altar of an unknown god.
  1636 | D:3      | 1636 ||| Stepping ~*~*~tactically~*~*~ (retreating).
  1642 | D:3      | Reached XP level 5. HP: 30/32 MP: 5/5
  1695 | D:3      | Reached skill level 6 in Ranged Weapons
  2087 | D:3      | 2087 ||| READING scroll labelled AFAXEXZECEY.
  2088 | D:3      | 2088 ||| READING scroll labelled NUWEID PYULLUKK.
  2089 | D:3      | 2089 ||| DRINKING 2 smoky ruby potions.
  2198 | D:4      | Reached XP level 6. HP: 38/38 MP: 6/6
  2258 | D:4      | Found a large runed translucent door.
  2258 | D:4      | Found a large runed translucent door.
  2402 | D:4      | Noticed a black bear
  2412 | D:4      | Killed a black bear
  2413 | D:4      | Reached skill level 7 in Ranged Weapons
  2413 | D:4      | HP: 5/38 [orc/+0 flail (7)]
  2414 | D:4      | HP: 2/38 [orc/+0 flail (3)]
  2415 | D:4      | Slain by an orc

Levels and vault maps discovered:
D:1:      wander_arrival_peaceful_grave, layout_rooms, minmay_lizard_king
D:2:      layout_loops_ring, serial_aquarium, aquarium_bridge_island_small
          [aquarium_subvault_small_open, aquarium_subvault_bridge,
          aquarium_subvault_balcony, aquarium_subvault_bridge,
          aquarium_subvault_wall], aquarium_bridge_straight
          [aquarium_subvault_bridge, aquarium_subvault_wall,
          aquarium_subvault_bridge, aquarium_subvault_balcony],
          aquarium_window_1, aquarium_window_fake, aquarium_window_1,
          aquarium_view_2g, aquarium_balcony_3b, minmay_distorted
D:3:      layout_loops_ring, serial_shops, nicolae_shop_bloodbath_and_beyond,
          dreamdust_ecumenical_altar_grove
D:4:      layout_gridville, jmf_multi_god_temple2, minmay_temple_entry_crystal_x

Skill      XL: |  1  2  3  4  5  6 |
---------------+-------------------+-----
Ranged Weapons | 5 6 7 |  7.0
Fighting       | 3 4 |  4.0
Armour         | 1 |  1.2
Dodging        | |  1.5
Stealth        | |  1.1

Action                     |  1- 3 |  4- 6 || total
---------------------------+-------+-------++-------
   Fire: Shortbow          |    91 |   189 ||   280
    Use: Scroll            |     5 |     5 ||    10
         Potion            |       |     2 ||     2
 Armour: Leather armour    |    32 |     2 ||    34
         Ring mail         |       |    35 ||    35
  Dodge: Dodged            |    51 |    44 ||    95

Table legend:
 A = Non-vault XP
 B = Vault XP
 C = Vault XP percentage of total XP
 D = Non-vault monster count
 E = Vault monster count
 F = Vault count percentage of total count
                 A         B        C        D         E       F
            +---------+---------+-------+---------+---------+-------
      Total |     512 |      10 |   1.9 |      74 |       9 |  10.8
            +---------+---------+-------+---------+---------+-------
        D:1 |      17 |       8 |  32.0 |      10 |       8 |  44.4
        D:2 |      81 |       2 |   2.4 |      19 |       1 |   5.0
        D:3 |     169 |       0 |   0.0 |      26 |       0 |   0.0
        D:4 |     245 |       0 |   0.0 |      19 |       0 |   0.0
            +---------+---------+-------+---------+---------+-------
